 Dungeon Crawl Stone Soup version 0.18-a0-960-g77c8fc5 (webtiles) character file.

120 M4edhros the Inquisitive (level 5, -2/33 HPs)
             Began as an Octopode Artificer on Dec 31, 2015.
             Was a Follower of Pakellas.
             Slain by a crimson imp
             ... wielding a +1 dagger of chaos
              (21 damage)
             ... on level 3 of the Dungeon.
             The game lasted 00:03:14 (2168 turns).

M4edhros the Inquisitive (Octopode Artificer)       Turns: 2168, Time: 00:03:22

Health: -2/33      AC:  1    Str: 10    XL:     5   Next: 4%
Magic:  8/8        EV: 13    Int: 16    God:    Pakellas [*.....]
Gold:   130        SH:  0    Dex: 12    Spells: 0 memorised, 4 levels left

rFire  . . .     SeeInvis .     a - +0 short sword
rCold  . . .     Gourm    .     (no shield)
rNeg   . . .     Faith    .     (helmet restricted)
rPois  .         Spirit   .     (no amulet)
rElec  .         Dismiss  .     (no ring)
rCorr  .         Reflect  .     w - ring of wizardry
SustAt .         Harm     .     (no ring)
MR     .....                    (no ring)
Stlth  ++++......               (no ring)
                                (no ring)
                                (no ring)
                                (no ring)

@: not resistant to hostile enchantments, stealthy
A: almost no armour, amphibious, 8 rings, constrict 8, camouflage 1, gelatinous
body 1
a: Quick Charge, Renounce Religion


You were on level 3 of the Dungeon.
You worshipped Pakellas.
Pakellas was aware of your devotion.
You were not hungry.

You visited 1 branch of the dungeon, and saw 3 of its levels.

You collected 130 gold pieces.

Inventory:

Hand Weapons
 a - a +0 short sword (weapon)
Missiles
 j - 158 stones (quivered)
 k - 19 sling bullets
Jewellery
 t - an uncursed ring of ice
 w - a ring of wizardry (right tentacle)
 x - an uncursed ring of ice
Wands
 b - a wand of flame (14/48)
 c - a wand of enslavement (15/24)
 d - a wand of random effects (15/48)
 n - a wand of draining (6/15)
 o - a wand of magic darts (23/48)
 u - a wand of random effects (10/48)
Scrolls
 e - 4 scrolls of remove curse {unknown}
 i - 4 scrolls of identify {unknown}
 l - a scroll of amnesia {unknown}
 v - a scroll of fog {unknown}
Potions
 h - a potion of might {unknown}
 m - a potion of agility {unknown}
 p - 2 potions of beneficial mutation {unknown}
 q - a potion of curing {unknown}
 r - 2 potions of cancellation {unknown}
Comestibles
 f - 2 bread rations
 g - 2 meat rations
 s - 2 slices of pizza
 z - 2 chunks of flesh


   Skills:
 - Level 1.0 Fighting
 - Level 1.0 Short Blades
 * Level 3.4 Dodging
 * Level 4.0 Stealth
 * Level 4.2 Evocations


You had 4 spell levels left.
You didn't know any spells.

Dungeon Overview and Level Annotations

Branches:
Dungeon (3/15)

Altars:
Fedhas
Pakellas
Qazlal
Trog
Xom
The Shining One


Innate Abilities, Weirdness & Mutations

You cannot wear most types of armour.
You are amphibious.
You can wear up to eight rings at the same time.
You can use your tentacles to constrict eight enemies at once.
Your skin changes colour to match your surroundings (Stealth).
Your rubbery body absorbs attacks (AC +1).


Message History

You kill the crimson imp!
Pakellas accepts your kill.
Your Stealth skill increases to level 4!
You have reached level 5!
You feel clever.
The crimson imp is too close now for your liking.
A crimson imp is nearby!
A crimson imp is nearby!
The crimson imp misses you.
You closely miss the crimson imp. Your grab misses the crimson imp.
The crimson imp hits you with a dagger of chaos.
You hit the crimson imp but do no damage.
Your grab misses the crimson imp. The crimson imp misses you.
You closely miss the crimson imp. Your grab misses the crimson imp.
You squeeze the crimson imp.
The crimson imp is heavily wounded.
The crimson imp hits you with a dagger of chaos.
Space warps horribly around you!
Ouch! That really hurt!
You die...

.#.......# .# ### # #....#.#.#
#.# .... . ....##.#.# #.#
#...### .##....#.# #.#
#.#...... ######.#.# #.#
##.#...##. # #.#.#
#.#######...#.# #.
#.#.#######.#...........# #.
#.#...........# #.......# #.
#.#########@### #..P.P..# ##
######.# #5# #.._..># #
.......# #.# #.P.P.[## #
###.#### #.# #.....).### #.#
#.# ###....)... #.# #.#
###..#).## #.## #.. ....#.#...
#.<##### ### #######.###.##
##.#.#.###########..)..........


You could see a crimson imp.

Vanquished Creatures
  A crimson imp (D:3)
  An ooze (D:1)
  5 worms
  2 giant geckos (D:1)
  6 orcs (D:3)
  3 giant cockroaches
  9 goblins
  5 hobgoblins
  5 jackals (D:2)
  3 kobolds
  5 bats
  6 giant newts
  5 rats
56 creatures vanquished.

Notes
Turn   | Place    | Note
--------------------------------------------------------------
     0 | D:1      | M4edhros the Octopode Artificer began the quest for the Orb.
     0 | D:1      | Reached XP level 1. HP: 13/13 MP: 3/3
    26 | D:1      | Reached XP level 2. HP: 12/18 MP: 4/4
   597 | D:2      | Found a glowing golden altar of the Shining One.
   626 | D:2      | Reached XP level 3. HP: 16/23 MP: 5/5
   664 | D:3      | Found an oddly glowing altar of Pakellas.
   710 | D:3      | Became a worshipper of Pakellas the Inventive
   895 | D:2      | Found a stormy altar of Qazlal.
   895 | D:2      | Found a bloodstained altar of Trog.
  1273 | D:1      | Reached * piety under Pakellas
  1385 | D:2      | Reached XP level 4. HP: 17/28 MP: 6/6
  1600 | D:2      | Reached skill level 4 in Evocations
  2053 | D:3      | Found a blossoming altar of Fedhas.
  2112 | D:3      | Found a shimmering altar of Xom.
  2149 | D:3      | Reached XP level 5. HP: 21/33 MP: 8/8
  2168 | D:3      | Slain by a crimson imp

Vault maps used:
D:1:      onia_arrival_handbag, minmay_misc_feat_roman
D:2:      lemuel_crystal_altar, minitemple
D:3:      grunt_pakellas_basics, led_xom_imps, fedhas_altar_1, first_bread,
          minmay_statues_item

Action                   |  1- 3 |  4- 6 || total
-------------------------+-------+-------++-------
Melee: Short sword       |    76 |    44 ||   120
Evoke: Wand              |     1 |       ||     1
 Stab: Sleeping          |    14 |     5 ||    19
  Eat: Chunk             |     1 |     3 ||     4
